 Dungeon Crawl Stone Soup version 0.28.0-45-g0d030f2227 (webtiles) character file.

Game seed: 14031214699765733649

35318 Peloso the Severer (level 13, -9/114 (122) HPs)
             Began as a Minotaur Fighter on Apr 9, 2022.
             Was a High Priest of Okawaru.
             Mangled by an orc warlord
             ... wielding a +0 great sword
              (29 damage)
             ... while paralysed by an orc sorcerer
             ... on level 2 of the Orcish Mines.
             The game lasted 00:35:01 (19336 turns).

Peloso the Severer (Minotaur Fighter)              Turns: 19336, Time: 00:35:02

HP:   -9/114 (122)  AC: 25    Str: 23    XL:     13   Next: 46%
MP:   12/13         EV:  2    Int:  3    God:    Okawaru [*****.]
Gold: 1202          SH:  0    Dex: 16    Spells: 12/12 levels left

rFire   . . .      SeeInvis .   a - +7 hand axe "Putekim" {vorpal, rElec rPois Int-2 Dex+3}
rCold   . . .      Faith    +   d - +0 kite shield
rNeg    . . .      Spirit   .   G - +0 plate armour
rPois   +          Reflect  .   (helmet restricted)
rElec   +          Harm     .   v - +0 cloak
rCorr   .          Rampage  .   f - +0 pair of gloves
Will    .....                   E - +1 pair of boots
Stlth   ..........              C - amulet of faith
HPRegen 0.29/turn               (no ring)
MPRegen 0.13/turn               (no ring)

@: paralysed, heroic, studying Ice Magic, drained
A: horns 2, retaliatory headbutt
a: Renounce Religion, Heroism, Finesse, Duel


You were on level 2 of the Orcish Mines.
You worshipped Okawaru.
Okawaru was extremely pleased with you.
You visited 3 branches of the dungeon, and saw 15 of its levels.
You also visited: Bailey and Ice Cave.

You collected 1202 gold pieces.

Inventory:

Hand Weapons
 a - the +7 hand axe "Putekim" (weapon) {vorpal, rElec rPois Int-2 Dex+3}
   (You found it on level 2 of the Dungeon)

   It inflicts extra damage upon your enemies.
   Int:       It affects your intelligence (-2).
   Dex:       It affects your dexterity (+3).
   rElec:     It insulates you from electricity.
   rPois:     It protects you from poison.
 b - the +8 whip "Ipsootzo" {vorpal, Int+4 Dex+4 Stlth+}
   (You found it on level 4 of the Dungeon)

   It inflicts extra damage upon your enemies.
   Int:       It affects your intelligence (+4).
   Dex:       It affects your dexterity (+4).
   Stlth:     It makes you more stealthy.
 c - a +0 long sword of flaming
Armour
 d - a +0 kite shield (worn)
 f - a +0 pair of gloves (worn)
 v - a +0 cloak (worn)
 E - a +1 pair of boots (worn)
 G - a +0 plate armour (worn)
Jewellery
 n - a ring of protection from cold
 C - an amulet of faith (around neck)
 D - a ring of protection from fire
 F - a ring of protection from fire
 L - a ring of magical power
Wands
 i - a wand of flame (24)
 o - a wand of paralysis (16)
 H - a wand of polymorph (11)
 I - a wand of mindburst (11)
 K - a wand of iceblast (5)
 O - a wand of acid (3)
Scrolls
 e - 4 scrolls of amnesia
 l - 2 scrolls of fog
 m - 2 scrolls of fear {unknown}
 p - 3 scrolls of brand weapon
 r - 2 scrolls of blinking
 w - 8 scrolls of teleportation
 x - a scroll of enchant armour
 y - a scroll of holy word {unknown}
 B - 2 scrolls of magic mapping
 J - 2 scrolls of enchant weapon {unknown}
Potions
 g - a potion of resistance
 h - 4 potions of brilliance
 j - 2 potions of berserk rage
 k - 3 potions of ambrosia
 q - a potion of heal wounds
 s - a potion of mutation {unknown}
 u - 3 potions of curing
 z - 2 potions of might
 A - 2 potions of cancellation
 M - a potion of invisibility {unknown}
 N - a potion of magic {unknown}


   Skills:
 + Level 13.4(18.4) Fighting
 + Level 4.7(9.7) Long Blades
 + Level 15.2(20.2) Axes
 + Level 14.4(19.4) Armour
 + Level 3.9(8.9) Dodging
 + Level 3.0(8.0) Stealth
 + Level 11.4(16.4) Shields
 + Level 2.2 Invocations
 + Level 0.7 Evocations


You had 12 spell levels left.
You didn't know any spells.
Your spell library contained the following spells:

 Spells                   Type           Power      Damage    Failure   Level
 Shock                    Conj/Air       0%         1d3       99%         1
 Blink                    Tloc           0%         N/A       100%        2
 Lesser Beckoning         Tloc           0%         N/A       100%        3
 Ozocubu's Armour         Ice            0%         N/A       100%        3
 Dispel Undead            Necr           0%         3d6       100%        4
 Manifold Assault         Tloc           0%         N/A       100%        5
 Metabolic Englaciation   Hex/Ice        0%         N/A       100%        5
 Conjure Ball Lightning   Conj/Air       0%         3x3d6     100%        6
 Starburst                Conj/Fire      0%         6d3       100%        6
 Ozocubu's Refrigeration  Ice            0%         4d5       100%        7
 Simulacrum               Ice/Necr       Unusable   N/A       N/A         6

Dungeon Overview and Level Annotations

Branches:
Dungeon (11/15)            Temple (0/1) D:6            Lair (2/6) D:8
 Spider (0/4) Lair:2          Orc (2/2) D:10         Bailey (visited)
  IceCv (visited)
  Swamp: Lair:2-4    Shoals: Lair:2-4       Elf: Orc:2

Altars:
Okawaru
Yredelemnul
The Shining One

Shops:
D:3 [   D:6 ?   D:7 [   Orc:2 =


Innate Abilities, Weirdness & Mutations

You have a pair of horns on your head.
You reflexively headbutt those who attack you in melee.


Message History

The orc sorcerer is severely wounded.
You hit the orc.
You kill the orc!
You barely miss the ogre. You barely miss the orc warlord.
You hit the orc sorcerer.
The orc sorcerer gestures at you while chanting.
The bolt of negative energy hits you!!
You feel drained.
The orc sorcerer points at you and mumbles some strange words.
The bolt of negative energy hits you!!
You feel drained.
The orc warlord roars a battlecry!
You hear a shout!
You closely miss the orc sorcerer.
The orc sorcerer is severely wounded.
You slash the orc sorcerer! You slash the orc warlord! You slash the ogre!
You kill the ogre!
Okawaru accepts your kill. The orc sorcerer casts a spell at you.
You suddenly lose the ability to move!
The orc sorcerer points at you and mumbles some strange words.
You resist with some effort.
The orc sorcerer hits you with a +0 dagger!
The orc sorcerer hits you but does no damage.
The orc warlord hits you with a +0 great sword!!
An orc comes into view. It is wielding a +0 whip.
The orc sorcerer hits you but does no damage. x2
The orc warlord hits you with a +0 great sword!
* * * LOW HITPOINT WARNING * * *
The orc sorcerer hits you but does no damage.
A puff of flame appears from out of thin air!
The puff of flame hits you but does no damage.
The orc sorcerer hits you with a +0 dagger.
* * * LOW HITPOINT WARNING * * *
The orc warlord roars a battlecry!
The orc wizard goes into a battle-frenzy!
An orc wizard comes into view. It is wielding a +0 dagger.
The orc sorcerer hits you with a +0 dagger.
* * * LOW HITPOINT WARNING * * *
The orc sorcerer hits you but does no damage.
The orc warlord hits you with a +0 great sword!!
You die...

### #.. #####.##
##..##......
##..........##
#............##
..............#
#..........∩..###
##....)o......#.##
.......@.........#
....<.oo.#......##
.....####........##
...##.##.#.)).....#.#
.. .......<)........
o ..............#.#
.^...#..........#
..........#....##
..........#.####


You could see an orc warlord, 2 orc sorcerers and an orc wizard (strong).

Vanquished Creatures
  A boulder beetle (D:10)
  2 vault guards (Bailey)
  Harold (D:10)
  A hydra (D:10)
  A two-headed ogre (D:10)
  A tengu warrior (D:10)
  Nergalle (D:10)
  Sonja (Lair:1)
  Pikel (D:4)
  3 ugly things
  3 cyclopes (D:11)
  3 ice statues (IceCv)
  2 black mambas (Lair:1)
  A gargoyle (D:10)
  4 cane toads
  A cane toad (shapeshifter) (D:10)
  5 komodo dragons (Lair:2)
  An anaconda simulacrum (IceCv)
  A tengu conjurer (D:11)
  A freezing wraith (IceCv)
  An entropy weaver simulacrum (IceCv)
  3 polar bears
  A hornet (D:10)
  3 trolls
  Prince Ribbit (D:5)
  7 blink frogs
  2 centaur simulacra (D:11)
  Sigmund (D:6)
  2 wraiths
  A shadow (D:11)
  3 wyverns
  A water elemental (D:10)
  Eustachio (D:4)
  37 yaks
  2 steam dragons
  7 humans (Bailey)
  4 vampire mosquitoes (D:10)
  Menkaure (D:6)
  2 acid dragons
  5 water moccasins
  21 orc warriors
  A hornet zombie (D:9)
  3 ice beasts
  A necrophage (D:6)
  6 ogres
  7 wolves
  2 phantoms (D:5)
  8 centaurs (D:10)
  A kobold brigand (D:8)
  Blork the orc (D:5)
  11 bullfrogs
  A water moccasin zombie (D:5)
  2 gnoll sergeants
  3 scorpions
  3 two-headed ogre simulacra (D:11)
  A wyvern skeleton (D:5)
  2 water moccasin skeletons
  4 elephant simulacra (IceCv)
  9 killer bees
  8 wights
  3 electric eels
  A howler monkey (D:10)
  A bullfrog zombie (D:5)
  4 centaur zombies
  2 jellies
  A centaur skeleton (D:7)
  5 hounds
  Crazy Yiuf (D:4)
  11 orc priests
  A bullfrog skeleton (D:5)
  A gnoll shaman (D:8)
  Ijyb (D:4)
  3 iguanas
  24 orc wizards
  A wolf simulacrum (IceCv)
  A polar bear simulacrum (IceCv)
  2 troll simulacra (D:11)
  21 gnolls
  A naga simulacrum (D:11)
  3 adders
  2 shadow imps
  4 white imps
  5 ufetubi
  An adder skeleton (D:4)
  2 worms (D:4)
  3 dart slugs
  58 orcs
  8 ball pythons
  9 endoplasms
  A giant cockroach (D:2)
  13 goblins
  8 hobgoblins
  2 jackals (D:1)
  3 quokkas
  7 bats
  6 frilled lizards
  7 kobolds
  26 rats
468 creatures vanquished.

Vanquished Creatures (others)
  An orc wizard (Orc:1)
  6 fungi
  8 plants (Lair:2)
15 creatures vanquished.

Grand Total: 483 creatures vanquished

Notes
Turn   | Place    | Note
-------+----------+-------------------------------------------
     0 | D:1      | Peloso the Minotaur Fighter began the quest for the Orb.
     0 | D:1      | Reached XP level 1. HP: 19/19 MP: 0/0
   181 | D:1      | Reached XP level 2. HP: 27/27 MP: 1/1
   721 | D:2      | Reached XP level 3. HP: 29/33 MP: 2/2
  1051 | D:2      | Found a basalt altar of Yredelemnul.
  1062 | D:2      | Identified the +7 hand axe "Putekim" {vorpal, rElec rPois
                  | Int-2 Dex+3}
  1497 | D:3      | Reached XP level 4. HP: 33/40 MP: 3/3
  1761 | D:3      | Found Ampaud's Antique Armour Emporium.
  1926 | D:3      | Reached skill level 5 in Armour
  1929 | D:3      | Reached XP level 5. HP: 43/46 MP: 4/4
  2107 | D:3      | Noticed an eye of devastation
  2110 | D:3      | Noticed a great orb of eyes
  2112 | D:3      | Found a faded altar of an unknown god.
  2113 | D:3      | Noticed a floating eye
  2113 | D:3      | Noticed a shining eye
  2581 | D:4      | Reached skill level 1 in Axes
  2628 | D:4      | Reached skill level 2 in Axes
  2722 | D:4      | Noticed Eustachio
  2732 | D:4      | Killed Eustachio
  2733 | D:4      | Reached skill level 3 in Axes
  2733 | D:4      | Reached XP level 6. HP: 45/52 MP: 5/5
  2740 | D:4      | Reached skill level 4 in Axes
  2740 | D:4      | Reached skill level 5 in Shields
  2858 | D:4      | Noticed Pikel
  2880 | D:4      | Killed Pikel
  2881 | D:4      | Reached skill level 5 in Fighting
  2881 | D:4      | Reached skill level 6 in Axes
  2881 | D:4      | Reached skill level 1 in Dodging
  2881 | D:4      | Reached XP level 7. HP: 39/61 MP: 6/6
  2989 | D:4      | Found an iron altar of Okawaru.
  2989 | D:4      | Found a glowing golden altar of the Shining One.
  2994 | D:4      | Became a worshipper of Warmaster Okawaru
  3109 | D:4      | Identified the +8 whip "Ipsootzo" {vorpal, Int+4 Dex+4
                  | Stlth+}
  3165 | D:4      | Noticed Ijyb
  3177 | D:4      | Killed Ijyb
  3178 | D:4      | Reached XP level 8. HP: 68/68 MP: 7/7
  3267 | D:4      | Found a runed translucent door.
  3268 | D:4      | Noticed Crazy Yiuf
  3507 | D:4      | Killed Crazy Yiuf
  3508 | D:4      | Reached skill level 7 in Axes
  3669 | D:5      | Entered Level 5 of the Dungeon
  3788 | D:5      | Noticed Prince Ribbit
  3799 | D:5      | Killed Prince Ribbit
  3800 | D:5      | Reached skill level 8 in Axes
  3996 | D:5      | Reached * piety under Okawaru
  4023 | D:5      | Noticed Blork the orc
  4027 | D:5      | Killed Blork the orc
  4662 | D:6      | Noticed Sigmund
  4679 | D:6      | Killed Sigmund
  4680 | D:6      | Reached skill level 1 in Stealth
  4680 | D:6      | Reached XP level 9. HP: 49/75 MP: 8/8
  4681 | D:6      | Reached skill level 9 in Axes
  5202 | D:6      | Found a staircase to the Ecumenical Temple.
  5236 | D:6      | Noticed Menkaure
  5237 | D:6      | Found Hexyi's Magic Scroll Shoppe.
  5244 | D:6      | Killed Menkaure
  6255 | D:7      | Found Meg Luck's Armour Boutique.
  6293 | D:7      | Reached ** piety under Okawaru
  6385 | D:7      | Reached skill level 10 in Axes
  7015 | D:8      | Noticed a troll
  7028 | D:8      | Killed a troll
  7028 | D:8      | Reached *** piety under Okawaru
  7029 | D:8      | Reached XP level 10. HP: 60/86 MP: 6/9
  7039 | D:8      | Reached skill level 10 in Armour
  7092 | D:8      | Found a staircase to the Lair.
  7099 | D:8      | Reached skill level 11 in Axes
  7438 | D:8      | Reached **** piety under Okawaru
  7867 | D:9      | Found a flagged portal.
  8042 | Bailey   | Entered a bailey
  8064 | Bailey   | Reached skill level 12 in Axes
  8070 | Bailey   | Reached ***** piety under Okawaru
  8261 | Bailey   | Noticed a vault guard
  8270 | Bailey   | Received a gift from Okawaru
  8276 | Bailey   | Killed a vault guard
  8276 | Bailey   | Received a gift from Okawaru
  8277 | Bailey   | Reached XP level 11. HP: 46/97 MP: 7/10
  8486 | Bailey   | Noticed a vault guard
  8499 | Bailey   | Killed a vault guard
  9038 | D:10     | Entered Level 10 of the Dungeon
  9546 | D:10     | Reached skill level 13 in Axes
  9768 | D:10     | Found a staircase to the Orcish Mines.
 10003 | D:10     | Noticed a white ugly thing
 10014 | D:10     | Killed a white ugly thing
 10015 | D:10     | Reached skill level 10 in Fighting
 10467 | D:11     | Noticed a tengu warrior
 10507 | D:11     | Received a gift from Okawaru
 10520 | D:11     | HP: 3/100 [gargoyle/stone arrow (7)]
 10521 | D:11     | Noticed a green ugly thing
 10546 | D:11     | Noticed a harpy
 10546 | D:11     | a black bear changed into a harpy
 10580 | D:11     | Noticed a two-headed ogre
 10584 | D:11     | Found a frozen archway.
 10586 | D:11     | HP: 2/100 [troll simulacrum (18)]
 10593 | IceCv    | Entered an ice cave
 10822 | IceCv    | Got the Almanac of Hurtful Unholy Rites
 11384 | IceCv    | Reached skill level 14 in Axes
 11384 | IceCv    | Reached skill level 1 in Invocations
 11961 | IceCv    | Noticed a white ugly thing
 11975 | IceCv    | Killed a white ugly thing
 12504 | D:11     | Noticed Harold
 12513 | D:11     | Noticed a six-headed hydra
 12523 | D:11     | Noticed Nergalle
 12536 | D:11     | Noticed a boulder beetle
 12551 | D:10     | Reached XP level 12. HP: 16/104 MP: 8/11
 12905 | D:10     | Killed a boulder beetle
 13300 | D:10     | Killed a three-headed hydra
 13304 | D:10     | Killed a two-headed ogre
 13708 | D:10     | Killed Harold
 13712 | D:10     | Killed Nergalle
 13712 | D:10     | Received a gift from Okawaru
 13713 | D:10     | Reached skill level 10 in Shields
 13924 | D:10     | Killed a tengu warrior
 15068 | D:11     | Identified the +1 ring mail "Qaotir" {rPois Int-3 Dex+4}
 15119 | D:11     | Received a gift from Okawaru
 15607 | Lair:1   | Entered Level 1 of the Lair of Beasts
 15872 | Lair:1   | Identified the +0 cloak "Ibrejoiv" {-Tele Str+9 Int+6}
                  | (Okawaru gifted it to you on level 1 of the Lair of Beasts)
 15872 | Lair:1   | Received a gift from Okawaru
 15878 | Lair:1   | Reached XP level 13. HP: 114/119 MP: 13/13
 15910 | Lair:1   | Reached ****** piety under Okawaru
 15941 | Lair:1   | Noticed Sonja
 15953 | Lair:1   | Killed Sonja
 16563 | Lair:2   | Reached skill level 15 in Axes
 17250 | Lair:2   | Found a hole to the Spider Nest.
 17982 | Orc:1    | Entered Level 1 of the Orcish Mines
 19292 | Orc:2    | Entered Level 2 of the Orcish Mines
 19292 | Orc:2    | Found Uma Ulav's Jewellery Emporium.
 19322 | Orc:2    | Noticed an orc warlord
 19332 | Orc:2    | Paralysed by an orc sorcerer for 7 turns
 19336 | Orc:2    | Mangled by an orc warlord

Illustrated notes

Levels and vault maps discovered:
D:1:      lordsloth_arrival_two_stooges, layout_rooms
D:2:      layout_loops_ring, basic_altar
D:3:      layout_basic, hellmonk_ecumenical_altar_watching_god, serial_shops,
          shop, kennysheep_generic_room_14
D:4:      layout_gridville, jmf_multi_god_temple, minmay_rat_hole, uniq_pikel,
          uniq_ijyb, uniq_crazy_yiuf_cottage, uniq_eustachio
D:5:      layout_loops_ring, chequers_avenue, minmay_misc_feat_alley,
          kennysheep_decorative_pillar, chequers_serial_rivers_room_b,
          kennysheep_generic_room_10, uniq_prince_ribbit1, uniq_blork_the_orc
D:6:      layout_loops_ring, minmay_temple_entry_sparse_star, serial_shops,
          nicolae_take_the_stairs, minmay_circle_x, uniq_menkaure, uniq_sigmund
D:7:      layout_basic, serial_shops, nicolae_stop_n_shop_2
D:8:      layout_rooms, erik_lair_island
D:9:      layout_cross, enter_bailey_3
D:10:     layout_basic, orc_0_dummy, st_stairs_7
D:11:     layout_basic, serial_ice, serial_ice_i, serial_ice_f, serial_ice_h,
          serial_ice_e, serial_ice_o, serial_ice_m, serial_ice_a, serial_ice_d,
          portal_ice_cave_entry_ice_simulacra, grunt_ministairs_1,
          grunt_potential, uniq_nergalle, uniq_harold
Lair:1:   layout_regular_city, nicolae_quartered_pool_super, uniq_sonja
Lair:2:   layout_cave_pods, spider_nest_entry_web_field, serial_bayou_shore_b,
          grunt_megastairs_4, infiniplex_staircase_pool
Orc:1:    layout_caves
Orc:2:    st_orc_pillars, layout_diamond_mine, serial_shops, shop, shop,
          basic_altar, special_room, nicolae_orc_lost_temple

Skill      XL: |  1  2  3  4  5  6  7  8  9 10 11 12 13 |
---------------+----------------------------------------+-----
Armour         | 4 5 6 8 9 10 12 13 14 | 14.4
Shields        | 4 5 6 7 9 10 11 | 11.4
Long Blades    | 3 4 |  4.7
Fighting       | 4 5 6 7 9 10 12 13 | 13.4
Axes           | 3 6 8 10 12 14 15 | 15.2
Dodging        | 1 2 3 |  3.9
Stealth        | 1 2 3 |  3.0
Invocations    | 1 2 |  2.2
Evocations     | |  0.7

Action                   |  1- 3 |  4- 6 |  7- 9 | 10-12 | 13-15 || total
-------------------------+-------+-------+-------+-------+-------++-------
Melee: Long sword        |    83 |       |       |     7 |       ||    90
       Headbutt          |    13 |    11 |    44 |   147 |    62 ||   277
       Hand axe          |     9 |    83 |   198 |   650 |   264 ||  1204
Invok: Heroism           |       |       |     1 |    22 |     1 ||    24
Evoke: Wand              |       |       |       |     4 |     1 ||     5
  Use: Scroll            |       |       |       |    23 |       ||    23
       Potion            |       |       |       |    10 |       ||    10
 Stab: Paralysed         |       |       |       |       |     1 ||     1
Armor: Scale mail        |    40 |    22 |       |       |       ||    62
       Chain mail        |       |    10 |    86 |     2 |       ||    98
       Plate armour      |       |       |       |   394 |    89 ||   483
Dodge: Dodged            |    44 |    28 |    81 |   280 |    57 ||   490
Block: Buckler           |    27 |    14 |    62 |   208 |       ||   311
       Kite shield       |       |       |       |    71 |   132 ||   203
